 Dungeon Crawl Stone Soup version 0.30-a0-591-g3c58d2bc28 (webtiles) character file.

Game seed: 9395421076954553791

154 Leeroy the Changer (level 5, 0/55 HPs)
             Began as a Merfolk Transmuter on Jan 4, 2023.
             Slain by a gnoll
             ... wielding a +0 halberd
              (2 damage)
             ... on level 4 of the Dungeon.
             The game lasted 00:04:17 (2995 turns).

Leeroy the Changer (Merfolk Transmuter)             Turns: 2995, Time: 00:04:17

Health: 0/55       AC: 22    Str: 11    XL:     5   Next: 35%
Magic:  5/8        EV:  2    Int: 14    God:
Gold:   200        SH:  0    Dex: 14    Spells: 4/8 levels left

rFire   . . .      SeeInvis .      - Unarmed
rCold   . . .      Faith    .    (no shield)
rNeg    . . .      Spirit   .    (body armour currently unavailable)
rPois   +          Reflect  .    (helmet currently unavailable)
rElec   .          Harm     .    (cloak currently unavailable)
rCorr   .          Rampage  .    (gloves currently unavailable)
Will    .....      NoTele   +    (boots currently unavailable)
Stlth   +                        (no amulet)
HPRegen 0.29/turn                t - ring of ice
MPRegen 0.11/turn                u - ring of fire

@: tree-form, slowed, very slow
A: stationary, stasis, torment immunity, boosted hp, (nimble swimmer 2),
(mertail)
a: no special abilities


You were on level 4 of the Dungeon.
You were a tree.
You visited 1 branch of the dungeon, and saw 4 of its levels.

You collected 200 gold pieces.

Inventory:

Hand Weapons
 l - a +3 mace
 v - a +3 quarterstaff of chaos
 x - a +0 hammer
Armour
 a - a +0 robe (melded)
 f - a +0 pair of gloves (melded)
 m - a +2 pair of boots (melded)
 o - a +0 pair of gloves
 w - a +0 cloak
Magical Staves
 c - a staff of earth
Jewellery
 t - a ring of ice (left branch)
 u - a ring of fire (right branch)
Scrolls
 d - 2 scrolls of enchant armour {unknown}
 h - 3 scrolls of identify {unknown}
 i - a scroll of noise {unknown}
 j - a scroll of silence {unknown}
 k - a scroll of enchant weapon {unknown}
 p - a scroll of magic mapping {unknown}
 r - a scroll of immolation {unknown}
 s - a scroll of blinking {unknown}
Potions
 e - 2 potions of curing {unknown}
 g - 3 potions of brilliance {unknown}
 n - 2 potions of heal wounds {unknown}
 q - a potion of degeneration {unknown}


   Skills:
 - Level 1.1 Fighting
 - Level 2.6 Dodging
 - Level 4.5 Unarmed Combat
 - Level 2.0 Spellcasting
 + Level 6.0 Transmutations


You had 4 spell levels left.
You knew the following spells:

 Your Spells              Type           Power      Damage    Failure   Level
a - Beastly Appendage     Tmut           36%        N/A       1%          1
b - Spider Form           Tmut/Pois      9%         N/A       21%         3

Your spell library contained the following spells:

 Spells                   Type           Power      Damage    Failure   Level
 Wereblood                Tmut           18%        N/A       3%          2
 Passwall                 Tmut/Erth      7%         N/A       11%         2
 Sandblast                Erth           2%         2d4       24%         1
 Ensorcelled Hibernation  Hex/Ice        4%         N/A       34%         2
 Stone Arrow              Conj/Erth      2%         3d7       56%         3
 Swiftness                Air            1%         N/A       56%         3
 Ice Form                 Ice/Tmut       14%        N/A       56%         4


Dungeon Overview and Level Annotations

Branches:
Dungeon (4/15)
 Temple: D:4-7

Altars:
Ashenzari
The Shining One

Shops:
D:1 *


Innate Abilities, Weirdness & Mutations

You are a tree.
Your roots penetrate the ground, keeping you stationary.
You cannot be teleported.
You are immune to unholy pain and torment.
Your maximum health is greatly increased.
Your equipment is partially melded.
((You are very nimble when in or above water. (Stealth+, EV+, Speed+++)))
((Your lower body shifts to a powerful aquatic tail in water.))


Message History

You feel stronger.
You completely miss Natasha.
Your transformation is almost over.
Natasha completely misses you. The gnoll misses you.
You hit Natasha.
Natasha is poisoned.
Natasha is heavily wounded.
Natasha misses you.
The gnoll hits you from afar with a +0 spear.
The gnoll completely misses you. Natasha completely misses you.
You hit Natasha.
Natasha looks as sick as possible!
Natasha is severely wounded.
You kill Natasha!
Natasha screams in fury as she dies!
The crimson imp disappears in a puff of smoke!
The gnoll hits you with a +0 halberd! The gnoll closely misses you. x2
The gnoll completely misses you.
Your Transmutations skill increases to level 6!
You barely miss the gnoll. The gnoll barely misses you. The gnoll misses you.
You hit the gnoll.
The gnoll is poisoned.
The gnoll is lightly wounded.
The gnoll hits you from afar with a +0 spear.
* * * LOW HITPOINT WARNING * * *
The gnoll closely misses you. The gnoll hits you with a +0 halberd!
* * * LOW HITPOINT WARNING * * *
The gnoll completely misses you.
Really quaff the potion of lignification?
Your transformation has ended.
Your +0 pair of gloves unmelds from your body.
Your +2 pair of boots unmelds from your body.
Your +0 robe unmelds from your body.
You turn into a tree.
Your +0 pair of gloves melds into your body.
Your +2 pair of boots melds into your body.
Your +0 robe melds into your body.
Your roots penetrate the ground.
The gnoll hits you but does no damage. x2
You hit the gnoll but do no damage.
The gnoll is lightly wounded.
The gnoll hits you from afar with a +0 spear.
* * * LOW HITPOINT WARNING * * *
The gnoll hits you with a +0 halberd.
You die...

.............
#.......... ..
##.........
#.. ..........
.... #......#
.....
#......##.#...
+....<........
#...........#
#.....♣)....#
#...###g....#
#... g.....+
#... ..#####
#.. ..# ...
... .... >...


You could see 2 gnolls.

Vanquished Creatures
  Crazy Yiuf (D:3)
  Natasha (D:4)
  2 gnolls (D:4)
  A white imp (D:3)
  2 worms (D:3)
  A dart slug (D:1)
  4 orcs (D:3)
  5 endoplasms
  A giant cockroach (D:3)
  8 goblins
  6 hobgoblins
  A jackal (D:2)
  3 quokkas
  10 ball pythons
  3 bats
  6 frilled lizards
  4 kobolds
  8 rats
67 creatures vanquished.

Notes
Turn   | Place    | Note
-------+----------+-------------------------------------------
     0 | D:1      | Leeroy the Merfolk Transmuter began the quest for the Orb.
     0 | D:1      | Reached XP level 1. HP: 15/15 MP: 3/3
   134 | D:1      | Reached XP level 2. HP: 15/21 MP: 5/5
   267 | D:1      | Reached skill level 3 in Transmutations
   364 | D:1      | Found Haugg's General Store.
   943 | D:2      | Reached XP level 3. HP: 9/26 MP: 6/6
  1179 | D:2      | Learned a level 3 spell: Spider Form
  1769 | D:3      | Found a broken altar of Ashenzari.
  1788 | D:3      | Reached skill level 4 in Transmutations
  1793 | D:3      | Reached XP level 4. HP: 30/32 MP: 1/7
  2094 | D:3      | Found a glowing golden altar of the Shining One.
  2211 | D:3      | Found a runed translucent door.
  2212 | D:3      | Noticed Crazy Yiuf
  2856 | D:3      | Killed Crazy Yiuf
  2857 | D:3      | Reached skill level 5 in Transmutations
  2982 | D:4      | Noticed Natasha
  2989 | D:4      | Reached XP level 5. HP: 26/37 MP: 4/8
  2991 | D:4      | Killed Natasha
  2992 | D:4      | Reached skill level 6 in Transmutations
  2993 | D:4      | HP: 1/37 [gnoll/+0 halberd (9)]
  2995 | D:4      | Slain by a gnoll

Illustrated notes

Levels and vault maps discovered:
D:1:      minmay_arrival_stair_chambers, layout_loops_ring, serial_shops,
          nicolae_shop_waterfront
D:2:      minmay_skewed_foursquare, layout_basic, minmay_goblin_kobold_house
D:3:      kb_forest_paths, layout_basic, mainiacjoe_overflow_catwalk,
          ashenzari_conservatory_becter, uniq_crazy_yiuf_cottage
D:4:      layout_basic, minmay_temple_entry_stoned_glass, uniq_blork_the_orc,
          uniq_ijyb, uniq_natasha, uniq_edmund

Skill      XL: |  1  2  3  4  5 |
---------------+----------------+-----
Transmutations | 3 4 5 6 |  6.0
Unarmed Combat | 4 |  4.5
Fighting       | |  1.1
Dodging        | |  2.6
Spellcasting   | |  2.0

Action                   |  1- 3 |  4- 6 || total
-------------------------+-------+-------++-------
Melee: Unarmed           |   151 |    65 ||   216
       Punch             |     1 |     3 ||     4
 Cast: Beastly Appendage |     1 |       ||     1
       Spider Form       |     1 |     3 ||     4
  Use: Potion            |       |     1 ||     1
 Stab: Sleeping          |     1 |     2 ||     3
Armor: Robe              |    30 |     9 ||    39
       Skin              |       |     3 ||     3
Dodge: Dodged            |    93 |    44 ||   137

Table legend: (Time is in decaauts)
 A = Elapsed time spent in this place.
 B = Non-inter-level travel time spent in this place.
 C = Inter-level travel time spent in this place.
 D = Time resting spent in this place.
 E = Time spent auto-exploring this place.
 F = Levels seen in this place.
 G = Mean time per level.
                   A        B        C        D        E       F      G
               +--------+--------+--------+--------+--------+-----+--------+
         Total |   2979 |   2851 |    128 |      0 |   2317 |   4 |  744.8 |
       Dungeon |   2979 |   2851 |    128 |      0 |   2317 |   4 |  744.8 |
               +--------+--------+--------+--------+--------+-----+--------+

Top non-repeatable levels by time:
     D:3: 1339 daAuts
     D:1: 885 daAuts
     D:2: 737 daAuts
     D:4: 17 daAuts
